 Dungeon Crawl Stone Soup version 0.27-a0-1200-g94dc6ad4cf (webtiles) character file.

Game seed: 17932349671105062979

4 Glokmah the Charlatan (level 1, 18/18 HPs)
             Began as a Naga Artificer on May 30, 2021.
             Was a Follower of Kikubaaqudgha.
             Quit the game on level 1 of the Dungeon.
             The game lasted 00:01:18 (484 turns).

Glokmah the Charlatan (Naga Artificer)               Turns: 484, Time: 00:01:18

Health: 18/18      AC:  2    Str: 14    XL:     1   Next: 60%
Magic:  1/1        EV:  9    Int: 11    God:    Kikubaaqudgha [*.....]
Gold:   0          SH:  0    Dex: 11    Spells: 0/0 levels left

rFire    . . .     SeeInvis +   a - +0 trident
rCold    . . .     Faith    .   (no shield)
rNeg     . . .     Spirit   .   b - +0 leather armour
rPois    +         Reflect  .   (no helmet)
rElec    .         Harm     .   (no cloak)
rCorr    .         Rampage  .   (no gloves)
Will     .....                  (no barding)
Stlth    ++........             (no amulet)
HPRegen  0.06/turn              (no ring)
MPRegen  0.07/turn              (no ring)

@: very slow
A: AC +0, large, see invisible, deformed body, poison resistance, slowness 2,
spit poison 1, naga tail 1
a: Spit Poison, Renounce Religion, Receive Corpses


You were on level 1 of the Dungeon.
You worshipped Kikubaaqudgha.
Kikubaaqudgha was aware of your devotion.
You visited 1 branch of the dungeon, and saw 1 of its levels.

Inventory:

Hand Weapons
 a - a +0 trident (weapon)
 g - a +0 hunting sling
Armour
 b - a +0 leather armour (worn)
 h - a +0 kite shield
Wands
 c - a wand of flame (12) (quivered)
 d - a wand of charming (15)
Potions
 f - a potion of lignification {unknown}
Miscellaneous
 e - a piece from Xom's chessboard (15/15)


   Skills:
 + Level 1.1 Fighting
 - Level 1.5 Armour
 - Level 0.7 Dodging
 + Level 1.8 Stealth
 * Level 3.1 Evocations


You couldn't memorise any spells.
You didn't know any spells.
Your spell library contained the following spells:

 Spells                   Type           Power      Damage    Failure   Level
 Pain                     Necr           0%         1d4       41%         1
 Corpse Rot               Necr/Air       N/A        N/A       54%         2
 Sublimation of Blood     Necr           0%         N/A       54%         2
 Vampiric Draining        Necr           0%         2d6       78%         3


Dungeon Overview and Level Annotations

Branches:
Dungeon (1/15)

Altars:
Kikubaaqudgha

Shops:
D:1 [


Innate Abilities, Weirdness & Mutations

Your serpentine skin is tough. (AC +0)
You have supernaturally acute eyesight. (SInv)
Armour fits poorly on your strangely shaped body.
Your system is resistant to poisons. (rPois)
You cover ground very slowly.
You can spit poison.
You have a snake-like lower body.


Message History

Press: ? - help, Shift-Dir - straight line, f/p - kobold
Aim: a kobold, wielding a +0 dagger and quivering stones (64% to hit)
The puff of flame misses the kobold.
The kobold barely misses you.
Aiming: Throw Flame
Press: ? - help, Shift-Dir - straight line, f/p - kobold
Aim: a kobold, wielding a +0 dagger and quivering stones (64% to hit)
The puff of flame hits the kobold!
You kill the kobold!
Things that are here:
a +0 dagger; 3 stones; a kobold corpse
There is an entrance to Kadghec's Antique Armour Boutique here.
You can access your shopping list by pressing '$'.
An endoplasm comes into view.
Found 7 sling bullets.
You reach to attack!
The helpless endoplasm fails to defend itself.
You hit the endoplasm.
The endoplasm is lightly wounded.
You barely miss the endoplasm.
The endoplasm is lightly wounded.
The endoplasm hits you.
You hit the endoplasm.
The endoplasm is severely wounded.
The endoplasm freezes you.
You are frozen.
The endoplasm hits you.
You hit the endoplasm.
You kill the endoplasm!
Found a faded altar of an unknown god.
There is a faded altar of an unknown god here.
You cannot tell which god this altar belongs to.
Convert to them anyway?
Kikubaaqudgha accepts your prayer! Kikubaaqudgha welcomes you!
You can now receive cadavers from Kikubaaqudgha.
You see here Kikubaaqudgha's Tome of Unholy Rites.
Kikubaaqudgha grants you a gift!
You pick up Kikubaaqudgha's Tome of Unholy Rites and begin reading...
You add the spells Pain, Corpse Rot, Sublimation of Blood and Vampiric Draining to your library.
Unknown command.
Press < or > to pray at altars.
Are you sure you want to abandon this character and quit the game? (Confirm with "yes".)

### #######.##
#........##########
##.###.............#
##...#......(..@....#
##......##....#####..#
#.......#####.# #
.♣.......# #..#
.∩.♣.....# ##.#
.♣....#### .# ).....#..
..
..#..>#.#############.#
..#.#.#.#...........#.#


There were no monsters in sight!

Vanquished Creatures
  An endoplasm (D:1)
  A hobgoblin (D:1)
  A kobold (D:1)
3 creatures vanquished.

Notes
Turn   | Place    | Note
-------+----------+-------------------------------------------
     0 | D:1      | Glokmah the Naga Artificer began the quest for the Orb.
     0 | D:1      | Reached XP level 1. HP: 18/18 MP: 1/1
   268 | D:1      | Found Kadghec's Antique Armour Boutique.
   474 | D:1      | Found a faded altar of an unknown god.
   482 | D:1      | Became a worshipper of Kikubaaqudgha
   482 | D:1      | Reached * piety under Kikubaaqudgha
   482 | D:1      | Identified Kikubaaqudgha's Tome of Unholy Rites
                  | (Kikubaaqudgha gifted it to you on level 1 of the Dungeon)
   482 | D:1      | Received a gift from Kikubaaqudgha
   484 | D:1      | Quit the game

Illustrated notes

Levels and vault maps discovered:
D:1:      matt_arrival_refuge, layout_loops_ring, basic_ecumenical_altar,
          serial_shops, nicolae_shop_trees, st_stairs_6

Action                   || total
-------------------------++-------
Melee: Trident           ||    10
       Club              ||     7
Evoke: Wand              ||     3
 Stab: Sleeping          ||     2
Armor: Leather armour    ||     2
Dodge: Dodged            ||     7

Table legend: (Time is in decaauts)
 A = Elapsed time spent in this place.
 B = Non-inter-level travel time spent in this place.
 C = Inter-level travel time spent in this place.
 D = Time resting spent in this place.
 E = Time spent auto-exploring this place.
 F = Levels seen in this place.
 G = Mean time per level.
                   A        B        C        D        E       F      G
               +--------+--------+--------+--------+--------+-----+--------+
         Total |    529 |    529 |      0 |    185 |    253 |   1 |  529.0 |
       Dungeon |    529 |    529 |      0 |    185 |    253 |   1 |  529.0 |
               +--------+--------+--------+--------+--------+-----+--------+

Top non-repeatable levels by time:
     D:1: 529 daAuts
